 Dungeon Crawl Stone Soup version 0.32-a0-799-g95e1662365 (webtiles) character file.

Game seed: 7306448762204269535

8201 runemasterragnar the Skirmisher (level 11, -2/77 HPs)
             Began as a Coglin Hexslinger on Mar 22, 2024.
             Was a Believer of Hepliaklqana.
             Slain by a skeletal warrior
             ... wielding a +1 halberd of flaming
              (7 damage)
             ... on level 9 of the Dungeon.
             The game lasted 00:18:32 (7687 turns).

runemasterragnar the Skirmisher (Coglin Hexslinger) Turns: 7687, Time: 00:18:34

Health: -2/77      AC:  8    Str: 11    XL:     11   Next: 27%
Magic:  16/16      EV: 11    Int: 12    God:    Hepliaklqana [**....]
Gold:   451        SH:  0    Dex: 21    Spells: 11/17 levels left

rFire   . . .        l - +8 hand cannon of Haeniger {flame, rC+ Dex+2}
rCold   + . .        a - +1 sling (flame) {Eunkyung}
rNeg    . . .        B - +0 steam dragon scales
rPois   .            h - +1 helmet
rElec   .            D - +0 cloak
rCorr   .            (no gloves)
SInv    .            (no boots)
Will    .....        (amulet unavailable)
Stlth   ++           (ring unavailable)
HPRegen 0.32/turn    (ring unavailable)
MPRegen 0.15/turn    (no gizmo)

%: no passive effects
@: revving
A: reduced essence, off-hand wielding, slow wielding, warmup strikes, no
jewellery
a: Invent Gizmo, Renounce Religion, Recall Ancestor, Ancestor Identity


You were on level 9 of the Dungeon.
You worshipped Hepliaklqana.
Hepliaklqana was pleased with you.
You visited 2 branches of the dungeon, and saw 10 of its levels.
You also visited: Sewer.

You collected 451 gold pieces.

Inventory:

Hand Weapons
 a - a +1 sling of flaming (offhand) {Eunkyung}
 b - the +7 Throatcutter {drain, coup de grace}
   (You found it on level 8 of the Dungeon)
 l - the +8 hand cannon of Haeniger (weapon) {flame, rC+ Dex+2}
   (You acquired it on level 6 of the Dungeon)

   Dex+2:     It affects your dexterity (+2).
   rC+:       It protects you from cold.
Missiles
 o - 2 datura-tipped darts
 C - 2 throwing nets
Armour
 c - a +2 hat
 h - a +1 helmet (worn)
 B - +0 steam dragon scales (worn)
 D - a +0 cloak (worn)
Wands
 p - a wand of roots (8)
 s - a wand of mindburst (13)
 t - a wand of flame (19)
 v - a wand of polymorph (18)
 y - a wand of quicksilver (3)
Scrolls
 d - a scroll of torment
 f - 8 scrolls of teleportation
 g - a scroll of immolation
 m - 3 scrolls of vulnerability
 n - a scroll of amnesia
 q - 2 scrolls of fear
Potions
 e - 2 potions of heal wounds
 i - 2 potions of enlightenment
 j - 4 potions of mutation
 k - 4 potions of curing
 r - 3 potions of berserk rage
 u - 3 potions of lignification
 w - a potion of haste
 x - 2 potions of degeneration
 z - a potion of cancellation
 A - a potion of attraction {unknown}


   Skills:
 + Level 8.0 Fighting
 * Level 10.6 Ranged Weapons
 - Level 1.7 Dodging
 - Level 3.6 Spellcasting
 - Level 5.4 Hexes
 - Level 0.8 Fire Magic
 + Level 9.9 Evocations


You had 11 spell levels left.
You knew the following spells:

 Your Spells              Type           Power      Damage    Failure   Level
a - Jinxbite              Hex            30%        N/A       3%          2
b - Cause Fear            Hex            7%         N/A       26%         4

Your spell library contained the following spells:

 Spells                   Type           Power      Damage    Failure   Level
 Sigil of Binding         Hex            15%        N/A       8%          3
 Inner Flame              Hex/Fire       9%         N/A       19%         3
 Summon Small Mammal      Summ           8%         N/A       24%         1
 Call Canine Familiar     Summ           2%         N/A       56%         3
 Hailstorm                Conj/Ice       2%         3d5       56%         3
 Summon Ice Beast         Ice/Summ       2%         N/A       56%         3
 Dimensional Bullseye     Hex/Tloc       4%         N/A       58%         4
 Flame Wave               Conj/Fire      3%         2d5       88%         4
 Sticky Flame             Fire/Alch      3%         2d4       88%         4
 Summon Blazeheart Golem  Fire/Summ      3%         N/A       88%         4
 Permafrost Eruption      Ice/Erth       1%         2x4d2     100%        6
 Sculpt Simulacrum        Ice/Alch       1%         N/A       100%        6


Dungeon Overview and Level Annotations

Branches:
Dungeon (9/15)             Temple (1/1) D:5           Sewer (visited)
   Lair: D:8-11         Orc: D:9-12

Altars:
Ashenzari
Cheibriados
Dithmenos
Fedhas
Gozag
Hepliaklqana
Makhleb
Nemelex Xobeh
Ru
Sif Muna
Trog
Uskayaw
Vehumet
Wu Jian
Xom
Yredelemnul

Annotations:
D:6 1 runed translucent door, audacious124's ghost, novice MDFi
D:7 2 transporters, Fodor's ghost, novice MiFi
D:8 3 runed translucent doors, Rudyous's ghost, novice DrAE
D:9 exclusion: obsidian statue


Innate Abilities, Weirdness & Mutations

Your life essence is reduced to manifest your ancestor. (-10% HP)
You can wield a second weapon in your off-hand.
It takes a long time for you to wield or remove held weapons.
Your first few attacks do less damage.
You cannot equip rings or amulets.


Message History

Aiming: Fastroot
Press: ? - help, Shift-Dir - straight line, f - skeletal warrior, p - skeletal warrior
Aim: a skeletal warrior, wielding a +1 halberd of flaming (severely damaged)
The roots erupt in riotous growth!
Roots grab the skeletal warrior.
The grasping roots constrict the skeletal warrior!
The grasping roots constrict the skeletal warrior.
The skeletal warrior escapes! x2
Unknown command.
Aiming: Fastroot
Press: ? - help, Shift-Dir - straight line, p - skeletal warrior
Okay, then.
Unknown command.
The skeletal warrior attacks as it pursues you!
The skeletal warrior hits you from afar with a +1 halberd of flaming!!
The skeletal warrior burns you.
Fire: l) +8 hand cannon of Haeniger {flame, rC+ Dex+2}
Press: ? - help, Q - select action, (/) - cycle Shift-Dir - straight line, f/p - skeletal warrior
Aim: a skeletal warrior, wielding a +1 halberd of flaming (almost destroyed, 76% to hit)
You shoot a sling bullet.
The sling bullet completely misses the skeletal warrior.
You shoot a slug. The slug hits the skeletal warrior.
The slug burns the skeletal warrior.
The skeletal warrior is almost destroyed.
The skeletal warrior hits you from afar with a +1 halberd of flaming!!
The skeletal warrior burns you!
Unknown command.
Aiming: Fastroot
Press: ? - help, Shift-Dir - straight line, f/p - skeletal warrior
Aim: a skeletal warrior, wielding a +1 halberd of flaming (almost destroyed)
The roots erupt in riotous growth!
Roots grab the skeletal warrior. x2
The grasping roots constrict the skeletal warrior.
The grasping roots constrict the skeletal warrior!
You destroy the skeletal warrior!
The skeletal warrior hits you from afar with a +1 halberd of flaming!!
* * * LOW HITPOINT WARNING * * *
The skeletal warrior burns you!
You die...
Hepliaklqana delivers you to your ancestors.

.# #<##.##.# .#
#.z.....# ##
####z#### ##...####
#.....z.# #.#.###)#
#.#.###z# #.#..##○#
#.##.##@# #.##.##.#
?)$ #.......# ###
####.#### #I# #.# ###
#.# $}5 #.# ########
...
#.###.R....#######.##
#......###.R.....§...


You could see 2 skeletal warriors.

Vanquished Creatures
  A death yak (D:9)
  A skeletal warrior (D:9)
  Amaemon (D:9)
  A cane toad (D:9)
  An orange demon (D:9)
  4 kobold demonologists (D:8)
  Psyche (D:8)
  A troll (D:9)
  A blink frog (D:9)
  6 yaks
  A wraith (D:8)
  3 steam dragons
  A black bear (D:5)
  An orc warrior (D:7)
  2 ogres
  2 centaurs
  6 bullfrogs
  6 kobold brigands
  3 wights (D:9)
  12 killer bees
  A howler monkey (D:3)
  4 electric eels (D:8)
  4 jellies
  A gnoll bouda (D:6)
  3 orc priests
  5 hounds
  4 iguanas
  4 sleepcaps
  An orc wizard (D:4)
  10 adders
  15 gnolls
  A shadow imp (D:6)
  2 ufetubi (D:6)
  2 dart slugs (D:2)
  9 orcs
  7 ball pythons
  4 bats
  5 endoplasms
  5 giant cockroaches
  4 goblins
  5 hobgoblins
  7 jackals
  2 quokkas
  A frilled lizard (D:1)
  21 kobolds
  7 rats
189 creatures vanquished.

Vanquished Creatures (collateral kills)
  A yak (D:8)
  A kobold brigand (D:9)
  A wight (D:9)
  A shadow imp (D:8)
  2 orcs (D:8)
6 creatures vanquished.

Vanquished Creatures (others)
  An ancestor (D:8)
  A hexer (D:9)
2 creatures vanquished.

Grand Total: 197 creatures vanquished

Notes
Turn   | Place    | Note
-------+----------+-------------------------------------------
     0 | D:1      | runemasterragnar the Coglin Hexslinger began the quest for
                  | the Orb.
     0 | D:1      | Reached XP level 1. HP: 15/15 MP: 2/2
   197 | D:1      | Reached skill level 2 in Ranged Weapons
   197 | D:1      | Reached XP level 2. HP: 21/21 MP: 3/3
   468 | D:1      | Reached XP level 3. HP: 26/26 MP: 4/4
   911 | D:2      | Reached XP level 4. HP: 32/32 MP: 6/6
  1438 | D:3      | Found a broken altar of Ashenzari.
  1643 | D:3      | Reached skill level 3 in Ranged Weapons
  1643 | D:3      | Reached XP level 5. HP: 33/38 MP: 7/7
  2141 | D:4      | Found a glowing drain.
  2176 | D:4      | Found a shimmering blue altar of Sif Muna.
  2177 | D:4      | Found a bloodstained altar of Trog.
  2196 | Sewer    | Entered a sewer
  2267 | Sewer    | Noticed a kobold brigand
  2279 | Sewer    | Killed a kobold brigand
  2280 | Sewer    | Reached skill level 1 in Evocations
  2280 | Sewer    | Reached XP level 6. HP: 30/44 MP: 7/9
  2353 | Sewer    | Found a glowing silver altar of Zin.
  2454 | D:4      | Learned a level 2 spell: Jinxbite
  2459 | D:4      | Learned a level 4 spell: Cause Fear
  3214 | D:5      | Entered Level 5 of the Dungeon
  3233 | D:5      | Noticed a black bear
  3243 | D:5      | Killed a black bear
  3244 | D:5      | Reached skill level 4 in Ranged Weapons
  3244 | D:5      | Reached XP level 7. HP: 28/51 MP: 10/10
  4009 | D:5      | Found a staircase to the Ecumenical Temple.
  4033 | Temple   | Entered the Ecumenical Temple
  4693 | D:6      | Found a runed translucent door.
  4765 | D:6      | Identified a scroll of acquirement
  4766 | D:6      | Acquired the +8 hand cannon of Haeniger {flame, rC+ Dex+2}
  4861 | Temple   | Became a worshipper of Hepliaklqana the Forgotten
  4890 | D:6      | Noticed a steam dragon
  4895 | D:6      | Killed a steam dragon
  4896 | D:6      | Reached skill level 5 in Ranged Weapons
  4896 | D:6      | Reached XP level 8. HP: 36/58 MP: 12/12
  4985 | D:6      | Found a basalt altar of Yredelemnul.
  5052 | D:6      | Reached skill level 5 in Hexes
  5150 | D:6      | Noticed audacious124's ghost (novice MDFi)
  5586 | D:7      | Reached skill level 6 in Ranged Weapons
  5589 | D:7      | Reached XP level 9. HP: 66/66 MP: 14/14
  5612 | D:7      | Reached skill level 5 in Evocations
  5627 | D:7      | Found a snail-covered altar of Cheibriados.
  5678 | D:7      | Noticed a two-headed ogre
  5679 | D:7      | Noticed a moth of wrath
  5680 | D:7      | Noticed Fodor's ghost (novice MiFi)
  5683 | D:7      | Found a bloodstained altar of Trog.
  5694 | D:7      | Found a transporter.
  5700 | D:7      | Found a transporter.
  5778 | D:7      | Found a burning altar of Makhleb.
  5778 | D:7      | Found a shadowy altar of Dithmenos.
  5778 | D:7      | Found an opulent altar of Gozag.
  5820 | D:7      | Reached * piety under Hepliaklqana
  5968 | D:8      | Found a sparkling altar of Nemelex Xobeh.
  6048 | D:8      | Found the +7 Throatcutter {drain, coup de grace}
  6048 | D:8      | Noticed a kobold demonologist
  6048 | D:8      | Noticed a kobold demonologist
  6048 | D:8      | Noticed a kobold demonologist
  6048 | D:8      | Noticed a kobold demonologist
  6054 | D:8      | Killed a kobold demonologist
  6054 | D:8      | Killed a kobold demonologist
  6055 | D:8      | Reached skill level 5 in Fighting
  6055 | D:8      | Reached skill level 7 in Ranged Weapons
  6056 | D:8      | Killed a kobold demonologist
  6059 | D:8      | Killed a kobold demonologist
  6150 | D:8      | Identified the +7 dagger "Ogrebane" {heavy, *Noise rPois
                  | Will+ Str+2}
  6191 | D:8      | Noticed Psyche
  6195 | D:8      | Killed Psyche
  6196 | D:8      | Reached skill level 8 in Ranged Weapons
  6196 | D:8      | Reached XP level 10. HP: 68/68 MP: 15/15
  6264 | D:8      | Reached skill level 9 in Ranged Weapons
  6615 | D:8      | Found a hide-covered altar of Uskayaw.
  6616 | D:8      | Noticed a +0 hand axe
  6616 | D:8      | Noticed a +0 dagger
  6653 | D:8      | Found a runed translucent gate.
  6653 | D:8      | Found a runed translucent gate.
  6654 | D:8      | Found a runed translucent gate.
  6654 | D:8      | Noticed Rudyous's ghost (novice DrAE)
  7189 | D:9      | Reached ** piety under Hepliaklqana
  7190 | D:9      | Remembered your ancestor Voinur as a hexer
  7195 | D:9      | Noticed an obsidian statue
  7231 | D:9      | Noticed a skeletal warrior
  7379 | D:9      | Noticed an orange demon
  7380 | D:9      | Noticed Amaemon
  7383 | D:9      | Killed an orange demon
  7391 | D:9      | Killed Amaemon
  7416 | D:9      | Reached skill level 10 in Ranged Weapons
  7477 | D:9      | Reached XP level 11. HP: 74/75 MP: 16/16
  7534 | D:9      | Noticed a death yak
  7538 | D:9      | Noticed a skeletal warrior
  7569 | D:9      | Killed a death yak
  7571 | D:9      | Noticed a skeletal warrior
  7576 | D:9      | Noticed a skeletal warrior
  7687 | D:9      | Killed a skeletal warrior
  7687 | D:9      | Slain by a skeletal warrior

Illustrated notes

Levels and vault maps discovered:
D:1:      mrwooster_arrival_statue, layout_basic, solitary_fountain
D:2:      layout_basic
D:3:      layout_basic, general_overflow_altar, chequers_serial_rivers_small_b,
          minmay_misc_feat_x
D:4:      layout_loops_ring, hellmonk_overflow_destroyed_library,
          portal_sewer_entry_a
D:5:      layout_basic, minmay_temple_entry_offerings, serial_rivers,
          chequers_serial_rivers_large_a, chequers_serial_rivers_micro_c,
          chequers_serial_rivers_small_b, chequers_serial_rivers_micro_b,
          chequers_serial_rivers_micro_e, chequers_serial_rivers_micro_d,
          minmay_misc_feat_enclosed, serial_park_tiny_pond
D:6:      layout_cave_pools, lemuel_round_altar, hellmonk_ghost_happy_afterlife
D:7:      layout_rooms, mainiacjoe_overflow_small_starburst,
          gammafunk_temple_overflow_claw, gammafunk_ghost_wrathful_warriors
D:8:      layout_basic, mainiacjoe_overflow_brackets, dancing_weapons_uskayaw,
          ebering_ghost_rock_garden, chequers_big_river,
          dilly_guarded_unrand_throatcut, uniq_psyche
D:9:      layout_loops_cross, dpeg_lair_monsters, minmay_protected_statue,
          uniq_amaemon
Temple:   nicolae_temple_stand_before_the_council

Skill      XL: |  1  2  3  4  5  6  7  8  9 10 11 |
---------------+----------------------------------+-----
Ranged Weapons | 2 3 4 5 6 8 10 | 10.6
Hexes          | 3 4 5 |  5.4
Fighting       | 2 3 4 6 7 8 |  8.0
Spellcasting   | 2 3 |  3.6
Evocations     | 1 2 3 4 7 9 |  9.9
Dodging        | |  1.7
Fire Magic     | |  0.8

Action                     |  1- 3 |  4- 6 |  7- 9 | 10-12 || total
---------------------------+-------+-------+-------+-------++-------
  Melee: Sling             |       |       |     1 |       ||     1
   Fire: Sling             |   142 |   294 |   167 |    83 ||   686
         Hand cannon       |       |       |    73 |    83 ||   156
   Cast: Jinxbite          |       |     1 |       |       ||     1
 Invoke: Ancestor Life: He |       |       |       |     1 ||     1
         Recall Ancestor   |       |       |       |     2 ||     2
  Evoke: Wand              |       |     3 |     9 |    16 ||    28
    Use: Scroll            |       |    13 |     5 |     1 ||    19
         Potion            |       |     1 |       |       ||     1
 Armour: Robe              |    15 |    18 |       |       ||    33
         Leather armour    |       |    32 |    14 |       ||    46
         Steam dragon scal |       |       |    12 |    25 ||    37
  Dodge: Dodged            |    18 |    29 |    29 |    22 ||    98

Table legend: (Time is in decaauts)
 A = Elapsed time spent in this place.
 B = Non-inter-level travel time spent in this place.
 C = Inter-level travel time spent in this place.
 D = Time resting spent in this place.
 E = Time spent auto-exploring this place.
 F = Levels seen in this place.
 G = Mean time per level.
                   A        B        C        D        E       F      G
               +--------+--------+--------+--------+--------+-----+--------+
         Total |   7879 |   7443 |    436 |    409 |   5733 |  11 |  716.3 |
       Dungeon |   7621 |   7209 |    412 |    392 |   5577 |   9 |  846.8 |
        Temple |     27 |      3 |     24 |      0 |      0 |   1 |   27.0 |
         Sewer |    230 |    230 |      0 |     17 |    155 |   1 |  230.0 |
               +--------+--------+--------+--------+--------+-----+--------+

Top non-repeatable levels by time:
     D:5: 1639 daAuts
     D:8: 1129 daAuts
     D:4: 954 daAuts
     D:2: 781 daAuts
     D:7: 712 daAuts
     D:3: 682 daAuts
     D:1: 649 daAuts
     D:6: 541 daAuts
     D:9: 531 daAuts
   Sewer: 230 daAuts
  Temple: 27 daAuts
